 Dungeon Crawl Stone Soup version 0.17-a0-1337-ge651487 (webtiles) character file.

2214 Eglamore the Cudgeler (level 9, -8/88 (89) HPs)
             Began as a Troll Berserker on June 10, 2015.
             Was a High Priest of Trog.
             Mangled by an orc warrior
             ... wielding a +0 halberd
              (16 damage)
             ... on level 6 of the Dungeon.
             The game lasted 00:13:08 (5027 turns).

Eglamore the Cudgeler (Troll Berserker)             Turns: 5027, Time: 00:13:08

HP:   -8/88 (89)    AC: 12    Str: 28    XL:     9   Next: 13%
MP:   8/8           EV: 10    Int:  4    God:    Trog [*****.]
Gold: 226           SH:  0    Dex: 13    Spells: 0 memorised, 8 levels left

rFire  . . .     SeeInvis .     D - +1 mace (crush)
rCold  . . .     Clarity  .     k - +0 mottled dragon armour
rNeg   . . .     SustAt   .     (no shield)
rPois  .         Gourm    +     g - +2 hat
rElec  .         Spirit   .     (no cloak)
rCorr  .         Warding  .     (gloves unavailable)
rMut   .         Stasis   .     (boots unavailable)
MR     .....                    (no amulet)
Stlth  +.........               (no ring)
                                s - +3 ring of dexterity

@: exhausted, slowed, very slow, not resistant to hostile enchantments, very
unstealthy
A: unfitting armour, claws 3, fast metabolism 3, gourmand, regeneration 2,
shaggy fur 1, tough skin 2
a: Burn Spellbooks, Berserk, Trog's Hand, Brothers in Arms, Renounce Religion


You were on level 6 of the Dungeon.
You worshipped Trog.
Trog was extremely pleased with you.
You were very full.

You visited 1 branch of the dungeon, and saw 6 of its levels.

You collected 281 gold pieces.
You spent 55 gold pieces at shops.

Inventory:

Hand weapons
 D - a +1 mace of crushing (weapon)
Armour
 g - a +2 hat (worn)
 k - a +0 mottled dragon armour (worn)
Jewellery
 s - a +3 ring of dexterity (left claw)
Scrolls
 a - a scroll of immolation {unknown}
 e - a scroll of fog {unknown}
 i - 6 scrolls of remove curse
 j - a scroll of noise {unknown}
 n - a scroll of random uselessness {unknown}
 q - 4 scrolls of teleportation {unknown}
 w - a scroll of enchant armour {unknown}
 y - a scroll of acquirement {unknown}
 E - a scroll of magic mapping {unknown}
Potions
 f - 4 potions of curing
 h - a potion of might
 l - a potion of cancellation {unknown}
 p - 2 potions of heal wounds
 r - a potion of flight {unknown}
 t - a potion of degeneration {unknown}
 u - a potion of agility {unknown}
 v - a potion of mutation {unknown}
 x - a potion of resistance {unknown}
 z - a potion of magic {unknown}
 A - a potion of berserk rage {unknown}
Comestibles
 b - 4 fruits
 c - 5 bread rations
 d - 4 meat rations
 m - 2 slices of pizza
 B - 3 chunks of flesh
 C - a royal jelly


   Skills:
 + Level 6.2 Fighting
 + Level 7.0 Maces & Flails
 + Level 5.6 Armour
 - Level 2.8 Dodging


You had 8 spell levels left.
You didn't know any spells.

Dungeon Overview and Level Annotations

Branches:
Dungeon (6/15)
 Temple: D:4-7

Altars:
Cheibriados
Fedhas
Gozag
Kikubaaqudgha
Makhleb
Qazlal
Sif Muna
Trog
Xom
Yredelemnul
The Shining One

Shops:
D:6 *


Innate Abilities, Weirdness & Mutations

You are too large for most types of armour.
You have claws for hands.
Your metabolism is lightning-fast.
You like to eat raw meat.
You heal very quickly.
You are covered in fur (AC +1).
You have very tough skin (AC +2).


Message History

You are too injured to fight recklessly!
You barely miss the orc warrior.
The worker ant zombie bites you but does no damage.
You sock the orc warrior!
The orc warrior is heavily wounded.
You are no longer berserk.
You are exhausted.
You feel yourself slow down.
The orc warrior hits you with a halberd!
* * * LOW HITPOINT WARNING * * *
You hit the orc warrior.
The orc warrior is severely wounded.
The worker ant zombie bites you.
* * * LOW HITPOINT WARNING * * *
The orc warrior hits you but does no damage.
The worker ant zombie bites you but does no damage.
You hit the orc warrior.
The orc warrior is almost dead.
The orc warrior hits you with a halberd!
You die...

#.............##
#.........###..#
#..(......'∩#..#
##........######
#..#........#
##.###.....###
#..# #######
#(.# #@##
......Zo#
........#
.......##
....... .......
....... .......


You could see an orc warrior and a worker ant zombie.

Vanquished Creatures
  2 phantoms
  4 ogres
  2 sky beasts
  A necrophage (D:5)
  A centaur (D:6)
  3 scorpions
  2 giant frogs (D:6)
  The ghost of Nitemare the Skirmisher, a weakling DsAK of Lugonu (D:3)
  4 wights (D:6)
  3 hounds
  A jelly (D:5)
  5 orc priests
  3 iron imps (D:5)
  3 iguanas
  2 orc wizards
  3 worker ants (D:4)
  5 adders
  8 gnolls
  An ooze (D:4)
  3 worms
  2 adder skeletons (D:4)
  7 giant geckos
  19 orcs
  11 bats
  7 giant cockroaches
  9 hobgoblins
  14 kobolds
  A quokka (D:2)
  3 giant newts
  10 goblins
  12 jackals
  12 rats
164 creatures vanquished.

Notes
Turn   | Place    | Note
--------------------------------------------------------------
     0 | D:1      | Eglamore the Troll Berserker began the quest for the Orb.
     0 | D:1      | Reached XP level 1. HP: 22/22 MP: 0/0
   186 | D:1      | Reached XP level 2. HP: 29/29 MP: 1/1
   516 | D:1      | Reached skill level 3 in Maces & Flails
   520 | D:1      | Acquired Trog's second power
   784 | D:2      | Reached XP level 3. HP: 34/36 MP: 2/2
  1091 | D:2      | Found a shimmering altar of Xom.
  1091 | D:2      | Found a stormy altar of Qazlal.
  1644 | D:3      | Reached skill level 1 in Armour
  1657 | D:3      | Found an opulent altar of Gozag.
  1683 | D:3      | Reached XP level 4. HP: 44/44 MP: 3/3
  1812 | D:3      | Found an ancient bone altar of Kikubaaqudgha.
  1815 | D:3      | Found a blossoming altar of Fedhas.
  1872 | D:3      | Found a basalt altar of Yredelemnul.
  2079 | D:3      | Noticed Nitemare's ghost (weakling DsAK)
  2080 | D:3      | Found a snail-covered altar of Cheibriados.
  2090 | D:3      | Killed Nitemare's ghost
  2364 | D:3      | Reached XP level 5. HP: 53/53 MP: 4/4
  2657 | D:4      | Found a glowing golden altar of the Shining One.
  2732 | D:4      | Reached skill level 4 in Maces & Flails
  2767 | D:4      | Noticed a phantom
  2790 | D:4      | Killed a phantom
  2790 | D:4      | Reached XP level 6. HP: 62/62 MP: 5/5
  2950 | D:4      | Noticed an ogre
  2962 | D:4      | Killed an ogre
  3009 | D:4      | Acquired Trog's third power
  3208 | D:4      | Reached XP level 7. HP: 70/70 MP: 6/6
  3218 | D:4      | Noticed an ogre
  3227 | D:4      | Killed an ogre
  3263 | D:4      | Reached skill level 5 in Maces & Flails
  3321 | D:4      | Noticed a sky beast
  3338 | D:4      | Killed a sky beast
  3605 | D:4      | Noticed an ogre
  3619 | D:4      | Killed an ogre
  3778 | D:5      | Entered Level 5 of the Dungeon
  3850 | D:5      | Reached XP level 8. HP: 76/79 MP: 7/7
  3854 | D:5      | Reached skill level 5 in Fighting
  3899 | D:5      | Found a bloodstained altar of Trog.
  3899 | D:5      | Found a deep blue altar of Sif Muna.
  4130 | D:5      | Reached skill level 6 in Maces & Flails
  4428 | D:5      | Found a burning altar of Makhleb.
  4724 | D:6      | Reached skill level 5 in Armour
  4968 | D:6      | Found Upaolu's General Store.
  4974 | D:6      | Reached XP level 9. HP: 86/88 MP: 8/8
  4979 | D:6      | Bought a scroll of identify for 22 gold pieces
  4979 | D:6      | Bought a scroll of remove curse for 33 gold pieces
  5020 | D:6      | Reached skill level 7 in Maces & Flails
  5027 | D:6      | Mangled by an orc warrior

Vault maps used:
D:1:      saegor_arrival_simple_f, hangedman_decor_points
D:2:      gammafunk_temple_overflow_statue, first_bread
D:3:      grunt_temple_overflow_growth_and_decay, lemuel_coloured_pillars_altar,
          old_standard_altar, lemuel_round_altar
D:4:      wad_river_or_something, tso_metal_star, grunt_ministairs_6
D:5:      gammafunk_temple_overflow_elements, demons_altar
D:6:      serial_shops, kennysheep_mini, uniq_prince_ribbit1

Action                   |  1- 3 |  4- 6 |  7- 9 || total
-------------------------+-------+-------+-------++-------
Melee: Mace              |   162 |   172 |   139 ||   473
       Flail             |       |    62 |   132 ||   194
Invok: Berserk           |       |     2 |     3 ||     5
  Use: Scroll            |       |       |     3 ||     3
  Eat: Chunk             |    21 |    17 |    19 ||    57
